 Dungeon Crawl Stone Soup version 0.30-a0-777-ga9a30cbeda (webtiles) character file.

Game seed: 4613925159925409050

6 mopl the Trooper (level 1, 0/18 HPs)
             Began as a Merfolk Fighter on Feb 13, 2023.
             Slain by a jackal (3 damage)
             ... on level 1 of the Dungeon.
             The game lasted 00:00:21 (56 turns).

mopl the Trooper (Merfolk Fighter)                    Turns: 56, Time: 00:00:22

Health: 0/18       AC:  6    Str: 16    XL:     1   Next: 90%
Magic:  1/1        EV:  9    Int:  7    God:
Gold:   0          SH:  4    Dex: 13    Spells: 0/0 levels left

rFire   . . .      SeeInvis .    a - +0 long sword
rCold   . . .      Faith    .    c - +0 buckler
rNeg    . . .      Spirit   .    b - +0 scale mail
rPois   .          Reflect  .    (no helmet)
rElec   .          Harm     .    (no cloak)
rCorr   .          Rampage  .    (no gloves)
Will    .....                    (no boots) Stlth
                                 (no amulet)
HPRegen 0.23/turn                (no ring)
MPRegen 0.07/turn                (no ring)

@: no status effects
A: (nimble swimmer 2), mertail
a: no special abilities


You were on level 1 of the Dungeon.
You visited 1 branch of the dungeon, and saw 1 of its levels.

Inventory:

Hand Weapons
 a - a +0 long sword (weapon)
Armour
 b - a +0 scale mail (worn)
 c - a +0 buckler (worn)
Scrolls
 f - a scroll of fear {unknown}
Potions
 d - a potion of might
 e - 2 potions of degeneration {unknown}
 g - a potion of brilliance {unknown}


   Skills:
 + Level 3.3 Fighting
 * Level 2.7 Long Blades
 + Level 2.2 Armour
 + Level 0.6 Dodging
 - Level 3.0 Shields


You couldn't memorise any spells.
You didn't know any spells.
Your spell library was empty.

Dungeon Overview and Level Annotations

Branches:
Dungeon (1/15)

Altars:


Innate Abilities, Weirdness & Mutations

((You are very nimble when in or above water. (Stealth+, EV+, Speed+++)))
Your lower body shifts to a powerful aquatic tail in water.


Message History

You closely miss the jackal.
The jackal is severely wounded.
The jackal bites you.
* * * LOW HITPOINT WARNING * * *
The jackal barely misses you. The rat bites you but does no damage.
The jackal misses you. You block the jackal's attack.
You barely miss the jackal.
The jackal is severely wounded.
The jackal bites you but does no damage. x2
The rat bites you but does no damage. The jackal barely misses you.
The jackal bites you.
* * * LOW HITPOINT WARNING * * *
The rat closely misses you.
You miss the jackal.
The jackal is severely wounded.
The jackal bites you.
* * * LOW HITPOINT WARNING * * *
You block the jackal's attack. You block the rat's attack.
The jackal bites you but does no damage.
The jackal barely misses you.
You closely miss the jackal.
The jackal is severely wounded.
You block the jackal's attack.
The jackal bites you but does no damage.
A hobgoblin comes into view.
The rat bites you but does no damage.
The jackal bites you but does no damage.
The jackal misses you.
The hobgoblin shouts!
You hit the jackal.
You kill the jackal!
The rat closely misses you. The jackal closely misses you. The rat bites you.
* * * LOW HITPOINT WARNING * * *
The jackal bites you but does no damage.
The jackal bites you.
* * * LOW HITPOINT WARNING * * *
The rat barely misses you.
You see here a jackal corpse.
You closely miss the jackal. The jackal bites you.
You die...

######## ######
####..)...# #....#
#.........#
#....###.........#
#.........)......####
#?...................
+..†.................
#.gh@r...............
#...#....g.......####.
..... ####.........#
#.. ....
#..........##+# ...
#....#.....#... ..
#....#.....#.>. .
............#...
....!##.....#.>.
...... .. #...


You could see a jackal, 2 hobgoblins and a rat.

Vanquished Creatures
  3 jackals (D:1)
  2 bats (D:1)
5 creatures vanquished.

Notes
Turn   | Place    | Note
-------+----------+-------------------------------------------
     0 | D:1      | mopl the Merfolk Fighter began the quest for the Orb.
     0 | D:1      | Reached XP level 1. HP: 18/18 MP: 1/1
    56 | D:1      | Slain by a jackal

Illustrated notes

Levels and vault maps discovered:
D:1:      minmay_arrival_up_and_down, layout_basic

Action                     || total
---------------------------++-------
  Melee: Long sword        ||    27
 Armour: Scale mail        ||    40
  Dodge: Dodged            ||    42
  Block: Buckler           ||    21

Table legend: (Time is in decaauts)
 A = Elapsed time spent in this place.
 B = Non-inter-level travel time spent in this place.
 C = Inter-level travel time spent in this place.
 D = Time resting spent in this place.
 E = Time spent auto-exploring this place.
 F = Levels seen in this place.
 G = Mean time per level.
                   A        B        C        D        E       F      G
               +--------+--------+--------+--------+--------+-----+--------+
         Total |     64 |     64 |      0 |      0 |     18 |   1 |   64.0 |
       Dungeon |     64 |     64 |      0 |      0 |     18 |   1 |   64.0 |
               +--------+--------+--------+--------+--------+-----+--------+

Top non-repeatable levels by time:
     D:1: 64 daAuts
